 Dungeon Crawl Stone Soup version 0.17.1-3-g152610e (webtiles) character file.

126 Alarkh the Chopper (level 4, -2/35 HPs)
             Began as a Mummy Chaos Knight on Apr 17, 2016.
             Slain by an adder (3 damage)
             ... on level 4 of the Dungeon.
             The game lasted 00:04:26 (2893 turns).

Alarkh the Chopper (Mummy Chaos Knight)             Turns: 2893, Time: 00:04:26

Health: -2/35      AC:  4    Str: 15    XL:     4   Next: 84%
Magic:  4/4        EV: 11    Int: 12    God:    Xom [*.....]
Gold:   159        SH:  0    Dex: 11    Spells: 0 memorised, 3 levels left

rFire  x . .     SeeInvis .     l - -3 hand axe (curse)
rCold  + . .     Clarity  .     f - +0 robe (curse)
rNeg   + + +     SustAt   .     (no shield)
rPois  ∞         Gourm    .     j - +0 helmet (curse)
rElec  .         Spirit   .     g - +0 cloak
rCorr  .         Warding  .     (no gloves)
rMut   .         Rnd*Tele +     (no boots)
MR     .....                    (no amulet)
Stlth  ..........               h - ring of teleportation (curse)
                                c - ring of loudness (curse)

@: not resistant to hostile enchantments, extremely unstealthy
A: no food or potions, fire vulnerability, cold resistance 1, negative energy
resistance 3, torment resistance, unbreathing
a: Renounce Religion, Evoke Teleportation


You were on level 4 of the Dungeon.
You worshipped Xom.
You were a special plaything of Xom.
You were not hungry.

You visited 1 branch of the dungeon, and saw 4 of its levels.

You collected 159 gold pieces.

Inventory:

Hand Weapons
 a - a +0 hand axe of chaos
 k - a +0 hand axe
 l - a cursed -3 hand axe (weapon)
Armour
 b - a +2 leather armour
 f - a cursed +0 robe (worn)
 g - a +0 cloak (worn)
 j - a cursed +0 helmet (worn)
Jewellery
 c - a cursed ring of loudness (left hand)
 h - a cursed ring of teleportation (right hand)
Scrolls
 d - 2 scrolls of enchant weapon
 e - a scroll of amnesia
 i - a scroll of random uselessness


   Skills:
 - Level 3.0 Fighting
 + Level 4.6 Axes
 - Level 1.5 Armour
 - Level 0.7 Dodging


You had 3 spell levels left.
You didn't know any spells.

Dungeon Overview and Level Annotations

Branches:
Dungeon (4/15)
 Temple: D:4-7

Altars:
Sif Muna
Zin


Innate Abilities, Weirdness & Mutations

You do not eat or drink.
Your flesh is vulnerable to fire.
You are immune to poison.
Your flesh is cold resistant.
You are immune to negative energy.
You are immune to unholy pain and torment.
You can survive without breathing.


Message History

The adder is almost dead.
The adder completely misses you. The adder bites you.
* * * LOW HITPOINT WARNING * * *
You barely miss the adder.
The adder is almost dead.
The adder bites you but does no damage.
You hit the adder but do no damage.
The adder is almost dead.
The adder closely misses you. The adder misses you.
You miss the adder.
The adder is almost dead.
The adder misses you.
You closely miss the adder.
The adder is almost dead.
The adder bites you.
* * * LOW HITPOINT WARNING * * *
You barely miss the adder.
The adder is almost dead.
The adder completely misses you. The adder bites you.
You die...

#.#### .......#.
..... ........
.... #.$...# #..
##....#
#..##.....#
#.......#
#....>..##
####.......#
#@S§...........
#§§.............
###..##.........
#..##...#....#
#.####..###..#
#.# #...# #..
..# ... ...


You could see an adder.

Vanquished Creatures
  A giant frog skeleton (D:3)
  An adder (D:2)
  2 oozes
  4 worms
  An orc (D:3)
  A bat (D:3)
  10 hobgoblins
  2 jackals (D:2)
  2 kobolds (D:2)
  A quokka (D:4)
  A ball python (D:2)
  6 giant cockroaches
  4 giant newts
  11 goblins
  6 rats
53 creatures vanquished.

Vanquished Creatures (collateral kills)
  Terence (D:3)
  A giant gecko (D:3)
  A kobold (D:3)
  A quokka (D:3)
4 creatures vanquished.

Grand Total: 57 creatures vanquished

Notes
Turn   | Place    | Note
--------------------------------------------------------------
     0 | D:1      | Alarkh the Mummy Chaos Knight began the quest for the Orb.
     0 | D:1      | Reached XP level 1. HP: 18/18 MP: 1/1
   155 | D:1      | Reached XP level 2. HP: 21/24 MP: 2/2
   412 | D:2      | XOM: noise
   422 | D:2      | XOM: silly message
   546 | D:1      | XOM: potion effect (agility)
   781 | D:2      | Found a glowing silver altar of Zin.
   868 | D:2      | Reached XP level 3. HP: 13/29 MP: 3/3
  1076 | D:2      | XOM: harmless Pois miscast
  1245 | D:2      | XOM: 2-stop teleportation journey
  1504 | D:2      | XOM: silly message
  1674 | D:2      | XOM: harmless Pois miscast
  1732 | D:2      | XOM: harmless Divn miscast
  1807 | D:2      | Reached skill level 4 in Axes
  1918 | D:2      | XOM: harmless Conj miscast
  2292 | D:3      | Reached XP level 4. HP: 32/35 MP: 4/4
  2360 | D:3      | Found a deep blue altar of Sif Muna.
  2549 | D:3      | Noticed Terence
  2571 | D:3      | XOM: enchant monster (bad)
  2577 | D:3      | XOM: chaos upgrade
  2581 | D:3      | XOM: repel stairs
  2596 | D:3      | Killed Terence
  2743 | D:3      | XOM: potion effect (curing)
  2881 | D:4      | XOM: smoke on damage
  2892 | D:4      | HP: 1/35 [adder (5)]
  2893 | D:4      | Slain by an adder

Action                   |  1- 3 |  4- 6 || total
-------------------------+-------+-------++-------
Melee: Hand axe          |   148 |    48 ||   196
  Use: Scroll            |     3 |     3 ||     6
 Stab: Distracted        |     1 |     1 ||     2
       Paralysed         |     1 |       ||     1
